 Dungeon Crawl Stone Soup version 0.24-a0-618-ge4662a2 (webtiles) character file.

Game seed: 12196432258141853819, levelgen mode: deterministic

388 BoppinsLewinski the Cutter (level 7, -1/66 HPs)
             Began as a Kobold Berserker on Sept 16, 2019.
             Was a Priest of Trog.
             Slain by Pikel
             ... wielding a +0 whip of electrocution
              (16 damage)
             ... on level 4 of the Dungeon.
             The game lasted 00:10:37 (4241 turns).

BoppinsLewinski the Cutter (Kobold Berserker)       Turns: 4241, Time: 00:10:37

Health: -1/66      AC:  7    Str: 21    XL:     7   Next: 7%
Magic:  0/7        EV: 14    Int:  9    God:    Trog [***...]
Gold:   248        SH:  0    Dex: 14    Spells: 6/6 levels left

rFire    . . .     SeeInvis .   a - +0 short sword
rCold    . . .     Gourm    .   (shield restricted)
rNeg     . . .     Faith    .   u - +0 scale mail
rPois    .         Spirit   +   (no helmet)
rElec    .         Reflect  .   f - scarf {Spirit}
rCorr    .         Harm     .   (no gloves)
MR       .....                  h - +0 pair of boots
Stlth    ..........             (no amulet)
HPRegen  0.21/turn              (no ring)
MPRegen  0.10/turn              (no ring)

@: mighty, berserking, very quick
A: small, carnivore
a: Berserk, Trog's Hand, Renounce Religion


You were on level 4 of the Dungeon.
You worshipped Trog.
Trog was most pleased with you.
You were near starving.

You visited 1 branch of the dungeon, and saw 4 of its levels.

You collected 248 gold pieces.

Inventory:

Hand Weapons
 a - a +0 short sword (weapon)
Armour
 b - a +0 animal skin
 f - a scarf of spirit shield (worn)
 h - a +0 pair of boots (worn)
 u - a +0 scale mail (worn)
Scrolls
 e - a scroll of fog {unknown}
 m - 3 scrolls of teleportation
 n - 2 scrolls of remove curse {unknown}
 p - a scroll of enchant armour {unknown}
 q - a scroll of noise {unknown}
 s - a scroll of fear {unknown}
Potions
 d - a potion of heal wounds
 g - a potion of lignification
 i - 2 potions of flight
 k - 3 potions of mutation
 o - 2 potions of might
 t - a potion of cancellation
Comestibles
 c - 9 rations


   Skills:
 + Level 4.6 Fighting
 * Level 6.9 Short Blades
 + Level 2.9 Armour
 + Level 4.2 Dodging


You had 6 spell levels left.
You didn't know any spells.
Your spell library was empty.

Dungeon Overview and Level Annotations

Branches:
Dungeon (4/15)
 Temple: D:4-7

Altars:
Elyvilon
Makhleb
Ru

Annotations:
D:4 Pikel


Innate Abilities, Weirdness & Mutations

You are small and have problems with some larger weapons.
You are carnivorous and can eat meat at any time.


Message History

Ye be too injured ta fight recklessly!
Ye barely miss Pikel.
Pikel be moderately wounded.
Pikel hits ye but does nay damage.
Ye be electrocuted!
* * * LOW HITPOINT WARNIN'
* * * Ye barely miss Pikel.
Pikel be moderately wounded.
Ye closely miss Pikel.
Pikel be moderately wounded.
Pikel hits ye but does nay damage.
Ye hit Pikel but do nay damage.
Pikel be moderately wounded.
Ye hit Pikel but do nay damage.
Pikel be moderately wounded.
Ye puncture Pikel!
Pikel be heavily wounded.
Pikel hits ye wit' a +0 whip o' electrocution.
* * * LOW HITPOINT WARNIN'
* * * Ye be electrocuted!
Ye die...

# #<....### ...
#.....#+# #.#...#
### ....... #.....#
.a.... ####..# ....
#.....# ... #.##.##
#'# #.##.#
#..####.######.##.#
.........@†....##.#
........K########.#
#.....##.# ..#
#.#.## 8.8 ##
...........
#.#...#8.8##
#.#..###.##
...>.....
##...#####


You could see Pikel.

Vanquished Creatures
  4 slaves (D:4)
  A howler monkey (D:4)
  2 hounds (D:4)
  An orc wizard (D:4)
  An iguana (D:4)
  Jessica (D:2)
  3 worker ants (D:4)
  A killer bee zombie (D:3)
  2 adders
  An adder skeleton (D:4)
  4 worms
  A dart slug (D:3)
  3 leopard geckos (D:3)
  2 orcs (D:4)
  5 bats
  5 giant cockroaches
  7 goblins
  10 hobgoblins
  8 jackals
  2 quokkas (D:4)
  5 frilled lizards
  10 kobolds
  A quokka zombie (D:4)
  9 rats
89 creatures vanquished.

Vanquished Creatures (others)
  5 toadstools (D:1)
5 creatures vanquished.

Grand Total: 94 creatures vanquished

Notes
Turn   | Place    | Note
-------+----------+-------------------------------------------
     0 | D:1      | BoppinsLewinski the Kobold Berserker began the quest for
                  | the Orb.
     0 | D:1      | Reached XP level 1. HP: 14/14 MP: 1/1
   323 | D:1      | Reached XP level 2. HP: 19/19 MP: 2/2
   728 | D:1      | Reached XP level 3. HP: 23/23 MP: 3/3
  1302 | D:2      | Reached ** piety under Trog
  1677 | D:2      | Noticed Jessica
  1682 | D:2      | Killed Jessica
  1682 | D:2      | Reached skill level 5 in Short Blades
  1682 | D:2      | Reached XP level 4. HP: 29/29 MP: 4/4
  1739 | D:2      | Found a white marble altar of Elyvilon.
  2289 | D:2      | Found a burning altar of Makhleb.
  2598 | D:3      | Reached XP level 5. HP: 33/33 MP: 5/5
  2685 | D:3      | Found a sacrificial altar of Ru.
  3444 | D:4      | Reached skill level 6 in Short Blades
  3444 | D:4      | Reached XP level 6. HP: 20/38 MP: 3/6
  3863 | D:4      | Reached *** piety under Trog
  4148 | D:4      | Noticed a slave
  4149 | D:4      | Noticed a slave
  4149 | D:4      | Noticed Pikel
  4149 | D:4      | Noticed a slave
  4163 | D:4      | Reached XP level 7. HP: 44/44 MP: 5/7
  4241 | D:4      | Slain by Pikel

Levels and vault maps discovered:
D:1:      matt_arrival_refuge, layout_loops_cross, minmay_gold_behind_fungi,
          minmay_octomino_e4
D:2:      layout_loops_ring, lightli_temple_of_fire, elyvilon_altar_4,
          uniq_jessica
D:3:      layout_loops_ring, nicolae_overflow_crystal_walls,
          kennysheep_generic_room_6
D:4:      layout_basic, lemuel_doored_altar, minmay_temple_entry_glassed_door,
          small_statue_intersection, fedhas_altar_fruit_tree, uniq_pikel

Skill      XL: |  1  2  3  4  5  6 |
---------------+-------------------+-----
Armour         | 2 |  2.9
Dodging        | 3 4 |  4.2
Short Blades   | 5 6 |  6.9
Fighting       | 4 |  4.6

Action                   |  1- 3 |  4- 6 |  7- 9 || total
-------------------------+-------+-------+-------++-------
Melee: Short sword       |   116 |   245 |    34 ||   395
Invok: Berserk           |     4 |     3 |     1 ||     8
       Trog's Hand       |     1 |     2 |       ||     3
  Use: Scroll            |       |     9 |       ||     9
       Potion            |       |     1 |     2 ||     3
 Stab: Sleeping          |     1 |     2 |       ||     3
  Eat: Chunk             |     5 |    11 |       ||    16
       Ration            |       |     1 |       ||     1
Armor: Animal skin       |     2 |       |       ||     2
       Robe              |    17 |     3 |       ||    20
       Scale mail        |       |    61 |     5 ||    66
Dodge: Dodged            |   100 |   139 |    15 ||   254

Table legend:
 A = Non-vault XP
 B = Vault XP
 C = Vault XP percentage of total XP
 D = Non-vault monster count
 E = Vault monster count
 F = Vault count percentage of total count
                 A         B        C        D         E       F
            +---------+---------+-------+---------+---------+-------
      Total |     506 |      49 |   8.8 |      78 |       7 |   8.2
            +---------+---------+-------+---------+---------+-------
        D:1 |      29 |       4 |  12.1 |      19 |       3 |  13.6
        D:2 |      51 |      37 |  42.0 |      17 |       1 |   5.6
        D:3 |      83 |       8 |   8.8 |      24 |       3 |  11.1
        D:4 |     343 |       0 |   0.0 |      18 |       0 |   0.0
            +---------+---------+-------+---------+---------+-------
